 Dungeon Crawl Stone Soup version 0.30-a0-313-gae38170b09 (webtiles) character file.

Game seed: 1602332435286522697

47 ragingrage the Sneak (level 3, 0/19 HPs)
             Began as a Vampire Enchanter on Oct 26, 2022.
             Slain by Natasha (4 damage)
             ... on level 2 of the Dungeon.
             The game lasted 00:02:02 (1461 turns).

ragingrage the Sneak (Vampire Enchanter)            Turns: 1461, Time: 00:02:03

Health: 0/19       AC:  2    Str:  7    XL:     3   Next: 48%
Magic:  6/6        EV: 12    Int: 17    God:
Gold:   57         SH:  0    Dex: 16    Spells: 6/6 levels left

rFire   . . .      SeeInvis +    o - +0 short sword
rCold   + + .      Faith    .    (no shield)
rNeg    + + +      Spirit   .    b - +0 robe
rPois   ∞          Reflect  .    (no helmet)
rElec   .          Harm     .    (no cloak)
rCorr   .          Rampage  .    (no gloves)
Will    .....                    (no boots)
Stlth   +++++.....               (no amulet)
HPRegen 0.00/turn                (no ring)
MPRegen 0.10/turn                (no ring)

@: bloodless, inhibited regen, slowed, very slow
A: bloodless, fangs 3, see invisible, vampiric 2
a: Bat Form, Revivify


You were on level 2 of the Dungeon.
You visited 1 branch of the dungeon, and saw 2 of its levels.

You collected 57 gold pieces.

Inventory:

Hand Weapons
 a - a +1 dagger
 o - a +0 short sword (weapon)
Missiles
 l - 5 poisoned darts (quivered)
Armour
 b - a +0 robe (worn)
Scrolls
 f - 2 scrolls of identify {unknown}
 i - a scroll of fear {unknown}
 j - a scroll of blinking {unknown}
 p - a scroll of magic mapping {unknown}
Potions
 c - 3 potions of invisibility
 d - 3 potions of flight {unknown}
 e - a potion of mutation {unknown}
 g - a potion of cancellation {unknown}
 h - a potion of heal wounds {unknown}
 k - 2 potions of degeneration {unknown}
 m - a potion of curing {unknown}
 n - a potion of brilliance {unknown}


   Skills:
 + Level 2.3 Short Blades
 - Level 2.1 Dodging
 + Level 5.4 Stealth
 - Level 2.0 Spellcasting
 + Level 5.2 Hexes


You had 6 spell levels left.
You didn't know any spells.
Your spell library contained the following spells:

 Spells                   Type           Power      Damage    Failure   Level
 Confusing Touch          Hex            19%        N/A       7%          3
 Tukima's Dance           Hex            19%        N/A       7%          3
 Ensorcelled Hibernation  Hex/Ice        20%        N/A       10%         2
 Dazzling Flash           Conj/Hex       20%        N/A       21%         3
 Passage of Golubria      Tloc           1%         N/A       88%         4
 Yara's Violent Unravell  Hex/Tmut       5%         3d4       88%         5


Dungeon Overview and Level Annotations

Branches:
Dungeon (2/15)

Altars:

Annotations:
D:2 Natasha


Innate Abilities, Weirdness & Mutations

You do not regenerate when monsters are visible.
You are frail without blood (-20% HP).
You can heal yourself when you bite living creatures.
You are immune to poison.
You have razor-sharp teeth.
You have supernaturally acute eyesight. (SInv)
You are afflicted with vampirism and can become a bat while bloodless.


Message History

A kobold is nearby!
A kobold is nearby!
A kobold is nearby!
Natasha, Servant of Life and Death comes into view.
Found 14 gold pieces.
Natasha hisses angrily.
You hit the kobold.
The kobold is severely wounded.
The kobold hits you with a +0 club.
Natasha stares at you and mumbles some strange words.
The magic dart hits you!
You are too injured to fight recklessly!
You are too injured to fight recklessly!
You are too injured to fight recklessly!
You are too injured to fight recklessly!
You are too injured to fight recklessly!
You are too injured to fight recklessly!
You are too injured to fight recklessly!
You are too injured to fight recklessly!
You are too injured to fight recklessly!
You are too injured to fight recklessly!
You are too injured to fight recklessly!
You are too injured to fight recklessly!
Natasha casts a spell at you.
You feel yourself slow down.
The kobold throws a stone.
The stone misses you.
Natasha mumbles some strange words.
Natasha attacks as you move away! Natasha closely misses you.
Natasha casts a spell.
The kobold misses you. The kobold attacks as you move away!
The kobold barely misses you. The kobold attacks as you move away!
The kobold closely misses you. The kobold hits you but does no damage.
The kobold attacks as you move away! The kobold hits you with a +0 club.
* * * LOW HITPOINT WARNING * * *
The kobold throws a stone.
The stone hits you.
* * * LOW HITPOINT WARNING * * *
There is a stone staircase leading down here.
Natasha claws you.
You die...

#..†...# .. ##.##.......#
###..†...#.# #..##...###.#
#..........# ##.###...###..
#.........## #..########...
#...#..#### #....## #...
#....†### ####..#####...
#...#...#############.........
#...#...##....................
#...#...##..h@......#######...
#...#...##..K[........#####...
#####......5........#.........
#...#.#################...
##.##........##### ....
#.####h....:....# #....# #.#
#..5......#.. .#....# #.#
#.......!.... ......# #.#
#.$.......### ......#


You could see an iron imp (summoned), Natasha and a kobold.

Vanquished Creatures
  2 adders (D:2)
  A dart slug (D:2)
  3 bats
  An endoplasm (D:2)
  A giant cockroach (D:2)
  2 goblins
  3 hobgoblins
  2 jackals (D:2)
  2 quokkas
  A ball python (D:1)
  A frilled lizard (D:2)
  2 kobolds (D:2)
  7 rats
28 creatures vanquished.

Notes
Turn   | Place    | Note
-------+----------+-------------------------------------------
     0 | D:1      | ragingrage the Vampire Enchanter began the quest for the
                  | Orb.
     0 | D:1      | Reached XP level 1. HP: 13/13 MP: 3/3
   272 | D:1      | Found a faded altar of an unknown god.
   280 | D:1      | Reached XP level 2. HP: 19/19 MP: 5/5
  1042 | D:2      | Reached skill level 5 in Stealth
  1042 | D:2      | Reached skill level 5 in Hexes
  1216 | D:2      | Gained mutation: You are afflicted with vampirism and can
                  | become a bat while bloodless. [Vampire growth]
  1216 | D:2      | Reached XP level 3. HP: 23/24 MP: 6/6
  1447 | D:2      | Noticed Natasha
  1461 | D:2      | Slain by Natasha

Illustrated notes

Levels and vault maps discovered:
D:1:      sevenhm_arrival_forest_fort_small_5, layout_basic,
          nicolae_ecumenical_lake_church
D:2:      layout_rooms, due_unseen_surprise, uniq_natasha

Skill      XL: |  1  2 |
---------------+-------+-----
Short Blades   | 2 |  2.3
Stealth        | 5 |  5.4
Hexes          | 5 |  5.2
Dodging        | |  2.1
Spellcasting   | |  2.0

Action                   || total
-------------------------++-------
Melee: Dagger            ||    75
       Bite              ||    10
       Short sword       ||    17
 Abil: Exsanguinate      ||     1
 Stab: Sleeping          ||     7
Armor: Robe              ||    15
Dodge: Dodged            ||    48

Table legend: (Time is in decaauts)
 A = Elapsed time spent in this place.
 B = Non-inter-level travel time spent in this place.
 C = Inter-level travel time spent in this place.
 D = Time resting spent in this place.
 E = Time spent auto-exploring this place.
 F = Levels seen in this place.
 G = Mean time per level.
                   A        B        C        D        E       F      G
               +--------+--------+--------+--------+--------+-----+--------+
         Total |   1456 |   1407 |     49 |    203 |    928 |   2 |  728.0 |
       Dungeon |   1456 |   1407 |     49 |    203 |    928 |   2 |  728.0 |
               +--------+--------+--------+--------+--------+-----+--------+

Top non-repeatable levels by time:
     D:1: 916 daAuts
     D:2: 540 daAuts
